 Dungeon Crawl Stone Soup version 0.29-a0-716-gf28ee254f9 (webtiles) character file.

Game seed: 241315275737835952

14185 1stPlace the Fighter (level 11, -6/90 (104) HPs)
             Began as a Minotaur Berserker on June 26, 2022.
             Was a Priest of Trog.
             Mangled by a molten gargoyle
             ... wielding a +1 mace of draining
              (9 damage)
             ... on level 10 of the Dungeon.
             The game lasted 00:22:49 (10992 turns).

1stPlace the Fighter (Minotaur Berserker)          Turns: 10992, Time: 00:22:50

HP:   -6/90 (104)   AC: 11    Str: 32    XL:     11   Next: 85%
MP:   10/10         EV: 15    Int: 10    God:    Trog [***...]
Gold: 467           SH:  0    Dex: 10    Spells: 10/10 levels left

rFire   . . .      SeeInvis .   E - +3 halberd
rCold   . . .      Faith    .   (shield currently unavailable)
rNeg    . . .      Spirit   .   a - +1 acid dragon scales
rPois   .          Reflect  .   (helmet restricted)
rElec   .          Harm     .   e - +0 cloak
rCorr   +          Rampage  .   (no gloves)
Will    .....                   (no boots)
Stlth   +.........              D - amulet of regeneration
HPRegen 1.05/turn               h - +6 ring of intelligence
MPRegen 0.12/turn               l - +6 ring of strength

@: about to teleport, on berserk cooldown, slowed, heavily drained, very slow
A: horns 2, retaliatory headbutt, claws 1, talons 1, mutation resistance 1, wild
magic 1
a: Renounce Religion, Berserk, Trog's Hand


You were on level 10 of the Dungeon.
You worshipped Trog.
Trog was most pleased with you.
You visited 1 branch of the dungeon, and saw 10 of its levels.
You also visited: Ossuary.

You collected 704 gold pieces.
You spent 237 gold pieces at shops.

Inventory:

Hand Weapons
 i - a +0 demon whip of venom
 E - a +3 halberd (weapon)
Missiles
 u - 2 throwing nets (quivered)
Armour
 a - +1 acid dragon scales (worn)
 e - a +0 cloak (worn)
 C - +0 steam dragon scales
Jewellery
 h - a +6 ring of intelligence (left claw)
 l - a +6 ring of strength (right claw)
 D - an amulet of regeneration (around neck)
 G - an amulet of guardian spirit
Wands
 g - a wand of digging (13)
 v - a wand of paralysis (19)
 x - a wand of flame (19)
 y - a wand of iceblast (9)
 A - a wand of polymorph (11)
Scrolls
 c - 4 scrolls of enchant weapon
 j - 6 scrolls of identify
 k - 3 scrolls of vulnerability
 n - 3 scrolls of magic mapping
 p - a scroll of fear
 s - 5 scrolls of teleportation
Potions
 b - a potion of haste
 d - 6 potions of brilliance
 f - 7 potions of curing
 m - 2 potions of attraction
 o - 3 potions of ambrosia
 r - 3 potions of lignification
 t - a potion of magic
 w - 2 potions of resistance
 z - 2 potions of berserk rage
 B - a potion of invisibility
 F - a potion of flight {unknown}


   Skills:
 + Level 12.1 Fighting
 + Level 12.1 Polearms
 + Level 11.8 Armour
 + Level 10.9 Dodging


You had 10 spell levels left.
You didn't know any spells.
Your spell library was empty.

Dungeon Overview and Level Annotations

Branches:
Dungeon (10/15)            Temple (0/1) D:6            Lair (0/6) D:8
    Orc (0/2) D:9         Ossuary (visited)

Altars:
Cheibriados
Dithmenos
Kikubaaqudgha
Sif Muna

Shops:
D:6 :   D:9 *(


Innate Abilities, Weirdness & Mutations

You have a pair of horns on your head.
You reflexively headbutt those who attack you in melee.
You have sharp fingernails.
You have sharp toenails.
You are somewhat resistant to further mutation.
Your spells are a little harder to cast, but a little more powerful.


Message History

Your headbutt misses the molten gargoyle.
The molten gargoyle is heavily damaged.
The molten gargoyle hits you with a +1 mace of draining!
You are engulfed in flames!
You feel drained.
You hit the molten gargoyle but do no damage.
Your kick misses the molten gargoyle.
Your headbutt misses the molten gargoyle.
The molten gargoyle is heavily damaged.
The molten gargoyle hits you with a +1 mace of draining!
You are engulfed in flames!
You feel drained.
You are too injured to fight recklessly!
You slash the molten gargoyle!
You claw the molten gargoyle, but do no damage.
The molten gargoyle is severely damaged.
The molten gargoyle hits you with a +1 mace of draining!
* * * LOW HITPOINT WARNING * * *
You are engulfed in flames!
* * * LOW HITPOINT WARNING * * *
You feel drained.
* * * LOW HITPOINT WARNING * * *
The molten gargoyle hits you with a +1 mace of draining.
* * * LOW HITPOINT WARNING * * *
You are engulfed in flames!
* * * LOW HITPOINT WARNING * * *
You feel drained.
You feel much better.
The molten gargoyle hits you with a +1 mace of draining!
* * * LOW HITPOINT WARNING * * *
You are engulfed in flames!
* * * LOW HITPOINT WARNING * * *
You feel drained.
* * * LOW HITPOINT WARNING * * *
You can't see any enemies this would affect, really read the scroll of fear?
Okay, then.
As you read the scroll of teleportation, it crumbles to dust.
You feel strangely unstable.
The molten gargoyle hits you with a +1 mace of draining.
* * * LOW HITPOINT WARNING * * *
You are engulfed in flames!
You die...

............#.≈≈≈≈≈≈≈
...........#).≈§88≈§.#.
##########..#§§§88≈≈).
#.#)≈≈≈§≈≈≈.#
#..#.≈≈§≈≈§.
#.#...≈.≈.. #..#.#.#.#.
#.#.#.#9#.# #......@# #
#########


You could see a molten gargoyle.

Vanquished Creatures
  Harold (D:9)
  Amaemon (D:8)
  Pikel (D:5)
  Maurice (D:8)
  3 molten gargoyles (D:10)
  An orange demon (D:8)
  Maggie (D:9)
  A komodo dragon (D:10)
  2 trolls (D:9)
  Grinder (D:3)
  5 wyverns
  A shadow (D:10)
  2 steam dragons (D:8)
  14 yaks
  A basilisk (D:8)
  2 vampire mosquitoes (D:10)
  2 wargs (D:9)
  The ghost of supermoro the Shield-Bearer, an amateur GrFi (D:3)
  An acid dragon (D:8)
  3 water moccasins (D:8)
  8 orc warriors
  A sky beast (D:6)
  2 black bears (D:6)
  5 hornet zombies (Ossuary)
  3 ogres
  4 lemures (D:5)
  5 centaurs
  A phantom (D:6)
  2 kobold brigands
  4 bullfrogs
  A wyvern zombie (Ossuary)
  4 scorpions
  3 necrophages (D:6)
  4 water moccasin zombies (Ossuary)
  10 wights
  4 killer bees (D:9)
  5 howler monkeys
  5 centaur zombies (Ossuary)
  5 bullfrog zombies (Ossuary)
  2 jellies
  5 hounds
  3 orc priests (D:9)
  4 iguanas
  Terence (D:3)
  3 orc wizards
  A killer bee zombie (Ossuary)
  3 howler monkey zombies (Ossuary)
  11 mummies (Ossuary)
  Robin (D:2)
  6 adders
  4 gnolls (D:6)
  A hound simulacrum (D:3)
  2 shadow imps (D:7)
  A white imp (D:8)
  3 worms
  3 dart slugs
  An adder simulacrum (D:3)
  51 orcs
  4 bats
  2 endoplasms
  2 giant cockroaches (D:1)
  16 goblins
  9 hobgoblins
  7 quokkas
  9 ball pythons
  3 frilled lizards
  17 kobolds
  3 quokka simulacra (D:3)
  5 rats
304 creatures vanquished.

Vanquished Creatures (collateral kills)
  A black bear (D:8)
  A bullfrog (D:8)
2 creatures vanquished.

Vanquished Creatures (others)
  An orc (D:8)
  5 fungi (D:8)
  20 plants (D:8)
  4 withered plants (Ossuary)
30 creatures vanquished.

Grand Total: 336 creatures vanquished

Notes
Turn   | Place    | Note
-------+----------+-------------------------------------------
     0 | D:1      | 1stPlace the Minotaur Berserker began the quest for the
                  | Orb.
     0 | D:1      | Reached XP level 1. HP: 19/19 MP: 0/0
   157 | D:1      | Reached XP level 2. HP: 27/27 MP: 1/1
   222 | D:1      | Found a faded altar of an unknown god.
   537 | D:1      | Reached XP level 3. HP: 32/33 MP: 2/2
   768 | D:2      | Noticed Robin
  1221 | D:2      | Reached ** piety under Trog
  1383 | D:2      | Reached XP level 4. HP: 39/41 MP: 3/3
  1657 | D:2      | HP: 2/41 [Robin/+0 club (2)]
  1659 | D:2      | Killed Robin
  2154 | D:2      | You fall into a shaft and drop 1 floor!
  2160 | D:3      | Noticed Terence
  2171 | D:3      | Killed Terence
  2362 | D:3      | Noticed Grinder
  2365 | D:3      | Paralysed by Grinder for 4 turns
  2379 | D:3      | Killed Grinder
  2380 | D:3      | Reached skill level 5 in Fighting
  2380 | D:3      | Reached skill level 5 in Polearms
  2380 | D:3      | Reached XP level 5. HP: 48/48 MP: 4/4
  2380 | D:3      | Reached XP level 6. HP: 56/56 MP: 5/5
  2671 | D:3      | Noticed supermoro's ghost (amateur GrFi)
  2697 | D:3      | Found a runed translucent gate.
  2697 | D:3      | Found a runed translucent gate.
  2697 | D:3      | Found a runed translucent gate.
  3220 | D:4      | Found a sand-covered staircase.
  3289 | Ossuary  | Entered an ossuary
  3303 | Ossuary  | Reached skill level 5 in Armour
  3303 | Ossuary  | Reached XP level 7. HP: 61/62 MP: 6/6
  3518 | Ossuary  | Reached skill level 5 in Dodging
  3598 | Ossuary  | Reached XP level 8. HP: 26/71 MP: 7/7
  4254 | Ossuary  | Reached *** piety under Trog
  4530 | D:4      | Found a shimmering blue altar of Sif Muna.
  4609 | D:5      | Entered Level 5 of the Dungeon
  5093 | D:5      | Reached XP level 9. HP: 68/81 MP: 8/8
  5214 | D:5      | Noticed Pikel
  5224 | D:5      | Killed Pikel
  5983 | D:6      | Found a snail-covered altar of Cheibriados.
  6028 | D:6      | Found a staircase to the Ecumenical Temple.
  6159 | D:6      | Found Ehittyn's Book Shop.
  6584 | D:3      | Killed supermoro's ghost
  7029 | D:7      | Reached XP level 10. HP: 91/91 MP: 9/9
  7573 | D:8      | Noticed Maurice
  7583 | D:8      | Killed Maurice
  8157 | D:8      | Reached skill level 10 in Fighting
  8157 | D:8      | Reached skill level 10 in Polearms
  8168 | D:8      | Found an ancient bone altar of Kikubaaqudgha.
  8177 | D:8      | Found a shadowy altar of Dithmenos.
  8598 | D:8      | Noticed Amaemon
  8598 | D:8      | Noticed an orange demon
  8606 | D:8      | Reached skill level 10 in Armour
  8611 | D:8      | Killed Amaemon
  8619 | D:8      | Killed an orange demon
  8670 | D:8      | Reached XP level 11. HP: 42/101 MP: 10/10
  8903 | D:8      | Found a staircase to the Lair.
  9094 | D:9      | Noticed a boulder beetle
  9284 | D:9      | Found Fubbao Oriu's Assorted Antiques.
  9292 | D:9      | Bought a twisted ivory ring for 135 gold pieces
  9292 | D:9      | Bought a scroll of identify for 54 gold pieces
  9292 | D:9      | Bought a blue potion for 24 gold pieces
  9292 | D:9      | Bought a puce potion for 24 gold pieces
  9300 | D:9      | Gained mutation: You have sharp fingernails. [potion of
                  | mutation]
  9300 | D:9      | Gained mutation: You are agile. (Dex +4, Str/Int -1)
                  | [potion of mutation]
  9300 | D:9      | Gained mutation: You have hidden genetic potential. [potion
                  | of mutation]
  9300 | D:9      | Gained mutation: Your spells are a little harder to cast,
                  | but a little more powerful. [potion of mutation]
  9301 | D:9      | Lost mutation: You are agile. (Dex +4, Str/Int -1) [potion
                  | of mutation]
  9301 | D:9      | Lost mutation: You have hidden genetic potential. [potion
                  | of mutation]
  9301 | D:9      | Gained mutation: You have sharp toenails. [potion of
                  | mutation]
  9301 | D:9      | Gained mutation: You are somewhat resistant to further
                  | mutation. [potion of mutation]
  9311 | D:9      | Found Yled's Weapon Boutique.
  9376 | D:9      | Noticed Harold
  9385 | D:9      | Killed Harold
  9386 | D:9      | Reached skill level 10 in Dodging
 10153 | D:9      | Found a staircase to the Orcish Mines.
 10251 | D:9      | Noticed Maggie
 10260 | D:9      | Killed Maggie
 10583 | D:10     | Entered Level 10 of the Dungeon
 10990 | D:10     | HP: 4/95 [molten gargoyle/+1 mace of draining (9)]
 10992 | D:10     | Mangled by a molten gargoyle

Illustrated notes

Levels and vault maps discovered:
D:1:      kennysheep_arrival_forest, layout_rooms,
          ebering_ecumenical_altar_petrified
D:2:      layout_loops_ring, uniq_robin
D:3:      layout_basic, gammafunk_ghost_icy, uniq_grinder, uniq_terence
D:4:      layout_rooms, kennysheep_orc_sif_temple, enter_ossuary_5
D:5:      layout_basic, st_stairs_13, minmay_misc_feat_rows, uniq_pikel
D:6:      layout_basic, cheibrodos_worm_habitat, minmay_temple_entry_tees,
          serial_shops, nicolae_stop_n_shop_2
D:7:      layout_loops_ring, kennysheep_minor_cross
D:8:      layout_basic, mainiacjoe_overflow_swirl, minmay_lair_entry_grove,
          uniq_amaemon, uniq_maurice
D:9:      layout_roguey [special_room_orc], david_orc_1_choice, serial_shops,
          nicolae_shop_overgrown_old_shop, nicolae_shop_bloodbath_and_beyond,
          serial_rivers, chequers_serial_rivers_micro_e,
          chequers_serial_rivers_small_a, chequers_serial_rivers_small_3,
          chequers_serial_rivers_room_a, chequers_serial_rivers_small_3,
          corexii_leaking_fountain, grunt_tough_drop, uniq_harold, uniq_maggie
D:10:     layout_big_octagon, minivault_8

Skill      XL: |  1  2  3  4  5  6  7  8  9 10 11 |
---------------+----------------------------------+-----
Fighting       | 4 5 6 7 9 10 12 | 12.1
Polearms       | 4 5 6 7 9 10 12 | 12.1
Armour         | 3 4 5 6 7 9 10 11 | 11.8
Dodging        | 3 4 5 6 8 9 10 | 10.9

Action                   |  1- 3 |  4- 6 |  7- 9 | 10-12 || total
-------------------------+-------+-------+-------+-------++-------
Melee: Spear             |   101 |   126 |   459 |    54 ||   740
       Headbutt          |     8 |    16 |   102 |    43 ||   169
       Punch             |     2 |       |     7 |     2 ||    11
       Halberd           |       |       |       |   243 ||   243
       Kick              |       |       |       |    38 ||    38
Invok: Berserk           |     2 |     5 |    11 |    14 ||    32
       Trog's Hand       |       |     3 |     8 |    10 ||    21
Evoke: Wand              |       |       |       |     4 ||     4
  Use: Potion            |     1 |     2 |     1 |     5 ||     9
       Scroll            |       |     3 |       |    18 ||    21
 Stab: Sleeping          |     1 |       |       |       ||     1
Armor: Animal skin       |    11 |    10 |       |       ||    21
       Scale mail        |       |    24 |   108 |    14 ||   146
       Acid dragon scale |       |       |       |    43 ||    43
Dodge: Dodged            |    51 |    53 |   142 |   175 ||   421

Table legend: (Time is in decaauts)
 A = Elapsed time spent in this place.
 B = Non-inter-level travel time spent in this place.
 C = Inter-level travel time spent in this place.
 D = Time resting spent in this place.
 E = Time spent auto-exploring this place.
 F = Levels seen in this place.
 G = Mean time per level.
                   A        B        C        D        E       F      G
               +--------+--------+--------+--------+--------+-----+--------+
         Total |  11091 |  10666 |    425 |    526 |   7945 |  11 | 1008.3 |
       Dungeon |   9977 |   9552 |    425 |    523 |   7155 |  10 |  997.7 |
       Ossuary |   1113 |   1113 |      0 |      2 |    789 |   1 | 1113.0 |
               +--------+--------+--------+--------+--------+-----+--------+

Top non-repeatable levels by time:
     D:9: 1630 daAuts
     D:8: 1487 daAuts
     D:5: 1198 daAuts
     D:2: 1175 daAuts
 Ossuary: 1113 daAuts
     D:1: 985 daAuts
     D:6: 924 daAuts
     D:3: 812 daAuts
     D:7: 696 daAuts
     D:4: 684 daAuts
    D:10: 382 daAuts
